 Dungeon Crawl Stone Soup version 0.29.1-12-g30fa7ad0bf (webtiles) character file.

Game seed: 6231104523583191393

889 hawla the Firebug (level 8, -2/58 HPs)
             Began as a Meteoran Fire Elementalist on Jan 8, 2023.
             Was a Follower of Vehumet.
             Slain by a bullfrog (6 damage)
             ... on level 6 of the Dungeon.
             The game lasted 00:10:59 (1834 turns).

hawla the Firebug (Meteoran Fire Elementalist)      Turns: 1834, Time: 00:10:59

Health: -2/58      AC:  4    Str: 10    XL:     8   Next: 51%
Magic:  4/17       EV: 14    Int: 18    God:    Vehumet [*.....]
Gold:   181        SH:  0    Dex: 19    Spells: 11/18 levels left

rFire   . . .      SeeInvis .   b - staff of earth
rCold   . . .      Faith    .   (no shield)
rNeg    . . .      Spirit   .   a - +0 robe
rPois   .          Reflect  .   (no helmet)
rElec   .          Harm     .   (no cloak)
rCorr   .          Rampage  .   (no gloves)
Will    +....                   f - +1 pair of boots of Plasticity {Dex+4}
Stlth   +.........              (no amulet)
HPRegen 0.19/turn               (no ring)
MPRegen 0.15/turn               (no ring)

@: silenced, glowing, invisible (but backlit and visible)
A: sense surroundings 1, otherworldly, glowing, explore regen
a: Renounce Religion


You were on level 6 of the Dungeon.
You worshipped Vehumet.
Vehumet was aware of your devotion.
You visited 2 branches of the dungeon, and saw 7 of its levels.

You collected 181 gold pieces.

Inventory:

Armour
 a - a +0 robe (worn)
 f - the +1 pair of boots of Plasticity (worn) {Dex+4}
   (You found it on level 4 of the Dungeon)

   Dex:       It affects your dexterity (+4).
Magical Staves
 b - a staff of earth (weapon)
 d - a staff of air
Wands
 g - a wand of roots (4)
 l - a wand of flame (27) (quivered)
Scrolls
 e - a scroll of magic mapping
 i - a scroll of enchant armour {unknown}
 j - a scroll of identify {unknown}
 k - 2 scrolls of blinking {unknown}
 m - a scroll of immolation {unknown}
Potions
 c - a potion of attraction {unknown}
 n - 2 potions of might {unknown}
 o - a potion of invisibility


   Skills:
 + Level 0.6 Fighting
 + Level 1.4 Staves
 + Level 3.7 Dodging
 - Level 1.4 Stealth
 + Level 5.5 Spellcasting
 + Level 5.7 Conjurations
 + Level 6.2 Fire Magic
 + Level 2.0 Air Magic
 + Level 2.0 Earth Magic
 + Level 2.0 Evocations


You had 11 spell levels left.
You knew the following spells:

 Your Spells              Type           Power      Damage    Failure   Level
a - Foxfire               Conj/Fire      100%       2x1d9     1%          1
b - Scorch                Fire           54%        2d8       1%          2
c - Flame Wave            Conj/Fire      26%        2d8       11%         4

Your spell library contained the following spells:

 Spells                   Type           Power      Damage    Failure   Level
 Freeze                   Ice            20%        1d4       13%         1
 Shock                    Conj/Air       72%        1d7       2%          1
 Static Discharge         Conj/Air       18%        3-6/arc   3%          2
 Conjure Flame            Conj/Fire      26%        6-21      3%          3
 Inner Flame              Hex/Fire       16%        N/A       11%         3
 Sticky Flame             Conj/Fire      26%        2d5       11%         4
 Swiftness                Air            12%        N/A       17%         3
 Airstrike                Air            6%         2d(1-17)  50%         4
 Dispel Undead            Necr           5%         3d7       77%         4


Dungeon Overview and Level Annotations

Branches:
Dungeon (6/15) Zot: 1945   Temple (1/1) D:4 Zot: 344

Altars:
Ashenzari
Cheibriados
Elyvilon
Fedhas
Gozag
Nemelex Xobeh
Qazlal
Ru
Uskayaw
Vehumet
Xom


Innate Abilities, Weirdness & Mutations

You passively map a small area around you.
You are easily found by Zot.
You glow in the dark.
You regain HP and MP as you explore.


Message History

Flames lash the hornet zombie.
The hornet zombie is burned terribly!
The hornet zombie is heavily damaged.
The bullfrog zombie is no longer more vulnerable to fire.
The foxfire hits the bullfrog zombie!
The bullfrog zombie is almost destroyed.
The foxfire hits the centaur zombie.
The centaur zombie is almost destroyed.
The bullfrog zombie closely misses you. The centaur zombie misses you.
The centaur zombie kicks you but does no damage.
Unknown command.
It was a potion of invisibility.
You become transparent, but the glow from your body prevents you from becoming completely invisible.
The centaur zombie hits you.
The centaur zombie kicks you but does no damage.
The bullfrog zombie hits you.
A hound comes into view.
The bullfrog zombie hits you.
As you read the scroll labelled KIQAUGYHOO, it crumbles to dust.
A profound silence engulfs you.
It was a scroll of silence.
The bullfrog hits you.
* * * LOW HITPOINT WARNING * * *
The bullfrog zombie hits you but does no damage.
The bullfrog hits you.
* * * LOW HITPOINT WARNING * * *
The bullfrog zombie hits you but does no damage.
The bullfrog attacks as you move away! The bullfrog closely misses you.
The water moccasin zombie is no longer more vulnerable to fire.
The bullfrog hits you.
* * * LOW HITPOINT WARNING * * *
The bullfrog completely misses you. The bullfrog attacks as you move away!
The bullfrog misses you. The bullfrog attacks as you move away!
The bullfrog closely misses you. The bullfrog hits you.
* * * LOW HITPOINT WARNING * * *
The centaur zombie barely misses you.
The centaur zombie kicks you but does no damage.
The water moccasin zombie bites you!
* * * LOW HITPOINT WARNING * * *
The bullfrog attacks as you move away! The bullfrog hits you.
You die...

#.....)...####
#.....)...#
####..)####
#....).#
#.#..).#
#.###..# * , #
* #..# ######
#..♣♣♣F.h.# *
*,
♣....@♣##Z#,*
,* ♣.♣.♣ZZ♣#.#
, ,
*..♣♣♣♣♣.♣zh#
♣.♣ ,
♣♣.♣Z...# *
♣♣, ,
♣.♣.##..# ,
♣...# #.... ,
,♣..♣#* .....
*, .♣♣ * .###
.♣ #


You could see a bullfrog, a hound, a water moccasin zombie and a centaur zombie.

Vanquished Creatures
  A water moccasin (D:5)
  An ice beast (D:5)
  An ogre (D:5)
  A centaur (D:5)
  A scorpion (D:4)
  3 electric eels (D:5)
  A jelly (D:4)
  Natasha (thrice) (D:4)
  An iguana (D:5)
  3 orc wizards
  3 gnolls (D:5)
  6 adders
  2 dart slugs
  16 orcs
  5 ball pythons (D:4)
  A bat (D:3)
  2 endoplasms (D:4)
  A goblin (D:4)
  4 hobgoblins
  4 jackals (D:4)
  A kobold (D:4)
  2 quokkas (D:3)
  2 rats (D:3)
65 creatures vanquished.

Vanquished Creatures (others)
  119 foxfires
  3 plants
122 creatures vanquished.

Grand Total: 187 creatures vanquished

Notes
Turn   | Place    | Note
-------+----------+-------------------------------------------
     0 | D:1      | hawla the Meteoran Fire Elementalist began the quest for
                  | the Orb.
     0 | D:1      | Reached XP level 1. HP: 14/14 MP: 5/5
   286 | D:3      | Reached skill level 1 in Air Magic
   286 | D:3      | Reached skill level 1 in Evocations
   286 | D:3      | Reached XP level 2. HP: 13/20 MP: 4/6
   349 | D:4      | Noticed a scorpion
   354 | D:4      | Reached XP level 3. HP: 13/26 MP: 4/8
   359 | D:4      | Killed a scorpion
   360 | D:4      | Reached skill level 4 in Fire Magic
   360 | D:4      | Reached XP level 4. HP: 5/33 MP: 1/9
   365 | D:4      | Identified the +1 pair of boots of Plasticity {Dex+4}
   374 | D:4      | Learned a level 2 spell: Scorch
   375 | D:4      | Found a staircase to the Ecumenical Temple.
   386 | D:4      | Reached XP level 5. HP: 10/38 MP: 1/10
   399 | Temple   | Entered the Ecumenical Temple
   577 | Temple   | Became a worshipper of Vehumet
   628 | D:4      | Reached skill level 1 in Staves
   652 | D:4      | Reached skill level 5 in Fire Magic
   652 | D:4      | Reached XP level 6. HP: 20/45 MP: 0/12
   669 | D:4      | Learned a level 4 spell: Flame Wave
   827 | D:4      | Identified the +1 pair of boots "Eniraiwk" {Dex+2}
   958 | D:4      | Noticed Natasha
   968 | D:4      | Killed Natasha
  1036 | D:4      | Noticed Natasha
  1041 | D:4      | Killed Natasha
  1050 | D:4      | Noticed Natasha
  1054 | D:4      | Killed Natasha
  1138 | D:5      | Entered Level 5 of the Dungeon
  1149 | D:5      | Noticed an ogre
  1154 | D:5      | Killed an ogre
  1155 | D:5      | Reached skill level 5 in Conjurations
  1155 | D:5      | Reached XP level 7. HP: 50/50 MP: 6/14
  1220 | D:5      | Reached * piety under Vehumet
  1220 | D:5      | Offered knowledge of Freeze by Vehumet.
  1331 | D:5      | Noticed a water moccasin
  1356 | D:5      | Killed a water moccasin
  1357 | D:5      | Reached skill level 5 in Spellcasting
  1357 | D:5      | Reached XP level 8. HP: 34/57 MP: 0/16
  1367 | D:5      | Reached skill level 6 in Fire Magic
  1398 | D:5      | Found a transporter.
  1412 | D:5      | Found a transporter.
  1657 | D:5      | Reached skill level 1 in Earth Magic
  1834 | D:6      | Slain by a bullfrog

Illustrated notes

Levels and vault maps discovered:
D:1:      elethiomel_arrival_maze, layout_rooms, basic_ecumenical_altar
D:2:      layout_basic, chequers_decorated_corner, nicolae_figureground_pulse
D:3:      layout_basic, gup_sewer_entry_bubbles, gammafunk_ghost_icy,
          minmay_misc_feat_alley, grunt_decor_arrowhead
D:4:      layout_basic, minmay_temple_entry_statues, saegor_snake_ambush,
          uniq_natasha
D:5:      gammafunk_steamed_eel, layout_basic
D:6:      layout_loops_corners, nzn_overflow_gifts_of_might_and_magic,
          nicolae_yredelemnul_corpse_copse, mainiacjoe_overflow_swirl,
          serial_glass, glass_columns_a, glass_columns_c, glass_columns_a,
          glass_columns_c, glass_columns_a, minmay_holes, st_stairs_11,
          kennysheep_nondescript
Temple:   chequers_temple_sunken

Skill      XL: |  1  2  3  4  5  6  7  8 |
---------------+-------------------------+-----
Air Magic      | 1 2 |  2.0
Evocations     | 1 2 |  2.0
Spellcasting   | 3 4 5 |  5.5
Fire Magic     | 4 5 6 |  6.2
Staves         | 1 |  1.4
Conjurations   | 2 5 |  5.7
Dodging        | 3 |  3.7
Earth Magic    | 2 |  2.0
Fighting       | |  0.6
Stealth        | |  1.4

Action                   |  1- 3 |  4- 6 |  7- 9 || total
-------------------------+-------+-------+-------++-------
Melee: Staff             |     4 |     8 |    32 ||    44
 Cast: Foxfire           |    20 |    27 |    28 ||    75
       Scorch            |       |    14 |    20 ||    34
       Flame Wave        |       |     4 |     2 ||     6
  Use: Potion            |       |     1 |     2 ||     3
       Scroll            |       |     1 |     3 ||     4
Armor: Robe              |     1 |    10 |    17 ||    28
       Skin              |       |       |    53 ||    53
Dodge: Dodged            |    10 |    20 |    38 ||    68
